 Dungeon Crawl Stone Soup version 0.23.2-40-g277498a001 (webtiles) character file.

Game seed: 17777031542627611483

492 Frank2 the Chopper (level 6, -4/75 HPs)
             Began as a Demigod Gladiator on Sept 7, 2019.
             Slain by an iguana (7 damage)
             ... on level 4 of the Dungeon.
             The game lasted 00:04:08 (2734 turns).

Frank2 the Chopper (Demigod Gladiator)              Turns: 2734, Time: 00:04:09

Health: -4/75      AC: 23    Str: 17    XL:     6   Next: 59%
Magic:  8/8        EV:  2    Int: 12    God:
Gold:   166        SH:  0    Dex: 21    Spells: 5/5 levels left

rFire    . . .     SeeInvis .   a - +0 war axe
rCold    . . .     Gourm    .   (no shield)
rNeg     + + +     Faith    .   (armour currently unavailable)
rPois    +         Spirit   .   (helmet currently unavailable)
rElec    .         Reflect  .   (cloak currently unavailable)
rCorr    .         Harm     .   (gloves currently unavailable)
MR       .....     NoTele   +   (boots currently unavailable)
Stlth    ++........             (no amulet)
HPRegen  0.22/turn              (no ring)
MPRegen  0.11/turn              (no ring)

@: tree-form
A: high mp 1
a: no special abilities


You were on level 4 of the Dungeon.
You were hungry.
You were a tree.
You visited 1 branch of the dungeon, and saw 4 of its levels.

You collected 166 gold pieces.

Inventory:

Hand Weapons
 a - a +0 war axe (weapon)
Missiles
 d - 3 throwing nets (quivered)
Armour
 c - a +0 helmet (melded)
 i - a +2 cloak (melded)
 o - a +0 ring mail (melded)
Scrolls
 g - 2 scrolls of teleportation
 k - a scroll of remove curse
Potions
 e - 2 potions of agility
 h - a potion of flight
 j - 2 potions of cancellation
 l - a potion of resistance {unknown}
 m - a potion of curing {unknown}
 n - a potion of lignification
Comestibles
 b - 4 chunks of flesh
 f - 5 rations


   Skills:
 + Level 2.9 Fighting
 + Level 5.3 Axes
 - Level 1.7 Throwing
 * Level 2.9 Armour
 + Level 3.6 Dodging


You had 5 spell levels left.
You didn't know any spells.
Your spell library was empty.

Dungeon Overview and Level Annotations

Branches:
Dungeon (4/15)
 Temple: D:4-7


Innate Abilities, Weirdness & Mutations

You have an increased reservoir of magic. (+10% MP)


Message History

You barely miss the iguana.
The iguana is heavily wounded.
The iguana bites you.
* * * LOW HITPOINT WARNING * * *
You closely miss the iguana.
The iguana is heavily wounded.
You are feeling hungry.
The iguana barely misses you.
You closely miss the iguana.
The iguana is heavily wounded.
The iguana bites you.
* * * LOW HITPOINT WARNING * * *
The iguana closely misses you.
It was a potion of cancellation.
You feel magically purged.
The iguana bites you but does no damage.
It was a potion of lignification.
You turn into a tree.
Your +2 cloak melds into your body.
Your +0 helmet melds into your body.
Your +0 ring mail melds into your body.
Your roots penetrate the ground.
The iguana bites you!
You die...

#..# #.......##
.... ####.....##
......
#####...#.###...s..
##.(## .
..%.........s.$....
.... ..#
######.#.###......
#..#
#...####....#.#
......
#...........# .###
####.†#.....#
##.♣###......#
#.l## ##...### #.##
##..# #......# ...#
.....##...+ #....
###. #....# ..## ..
....... ## .#l.####
. ...


You could see an iguana.

Vanquished Creatures
  A centaur zombie (D:3)
  3 hounds
  4 orc wizards
  An iguana (D:4)
  Terence (D:3)
  3 gnolls (D:3)
  7 adders
  An ooze (D:1)
  3 worms
  A dart slug (D:3)
  3 leopard geckos
  9 orcs
  10 bats
  4 giant cockroaches
  12 goblins
  8 hobgoblins
  4 jackals (D:3)
  2 quokkas
  4 frilled lizards
  12 kobolds
  5 rats
98 creatures vanquished.

Notes
Turn   | Place    | Note
-------+----------+-------------------------------------------
     0 | D:1      | Frank2 the Demigod Gladiator began the quest for the Orb.
     0 | D:1      | Reached XP level 1. HP: 17/17 MP: 3/3
    53 | D:1      | Reached XP level 2. HP: 16/24 MP: 4/4
    91 | D:1      | Reached skill level 3 in Axes
   616 | D:1      | Reached skill level 1 in Armour
   836 | D:2      | Reached XP level 3. HP: 20/29 MP: 5/5
   896 | D:2      | Reached XP level 4. HP: 13/36 MP: 6/6
  1042 | D:2      | Found a faded altar of an unknown god.
  1193 | D:2      | Found a burning altar of Makhleb.
  1322 | D:2      | Found a glowing golden altar of the Shining One.
  1467 | D:2      | Found a radiant altar of Vehumet.
  1492 | D:3      | Reached skill level 4 in Axes
  1492 | D:3      | Reached XP level 5. HP: 25/42 MP: 7/7
  1881 | D:3      | Found a shimmering altar of Xom.
  1964 | D:3      | Noticed Terence
  1971 | D:3      | Killed Terence
  1983 | D:3      | Reached XP level 6. HP: 50/50 MP: 8/8
  2069 | D:3      | Found a deep blue altar of Sif Muna.
  2246 | D:3      | Reached skill level 5 in Axes
  2732 | D:4      | HP: 1/50 [iguana (6)]
  2734 | D:4      | Slain by an iguana

Skill      XL: |  1  2  3  4  5  6 |
---------------+-------------------+-----
Axes           | 3 4 5 |  5.3
Dodging        | 3 |  3.6
Fighting       | 2 |  2.9
Armour         | 1 2 |  2.9
Throwing       | |  1.7

Action                   |  1- 3 |  4- 6 || total
-------------------------+-------+-------++-------
Melee: War axe           |    93 |   216 ||   309
  Use: Scroll            |     2 |     2 ||     4
       Potion            |       |     2 ||     2
  Eat: Chunk             |       |     6 ||     6
Armor: Leather armour    |    38 |    60 ||    98
       Ring mail         |       |    32 ||    32
Dodge: Dodged            |    85 |   227 ||   312
